Map: Ever Dream LE

Players

Nina

  • Race: Protoss Protoss
  • League: Grandmaster
  • Spawn Location: 7:00

MaSa - Winner!

  • Race: Terran Terran
  • League: Master
  • Spawn Location: 1:00

Event: DreamHack SC2 Masters 2020 Fall

VOD

Have the link to the VOD?

Description

Time

  • Played on: Sept. 1, 2020, 5:54 p.m.
  • Length: 13:16

All games in this series

Show
View Real Time Build Order
Export as new Build Order

Nina Protoss 

Build Orders: Colossus Rush 

Get SALT Encoding   

  12  0:01  Probe  
  13  0:13  Probe  
  14  0:17  Pylon  
  14  0:26  Probe (Chrono Boost)  
  15  0:35  Gateway  
  15  0:39  Probe (Chrono Boost)  
  16  0:45  Probe (Chrono Boost)  
  16  0:49  Assimilator  
  17  0:53  Probe  
  18  0:58  Pylon  
  18  1:06  Probe  
  19  1:17  Gateway  
  19  1:20  Probe  
  19  1:23  Cybernetics Core  
  20  1:33  Probe  
  21  1:43  Assimilator  
  21  1:45  Probe  
  22  1:58  Probe  
  23  2:04  Stalker x2 (Chrono Boost)  
  27  2:11  Warp Gate  
  28  2:19  Pylon  
  27  2:24  Stalker (Chrono Boost)  
  30  2:30  Probe  
  30  2:42  Stalker  
  32  2:50  Robotics Facility  
  32  2:56  Adept (Chrono Boost)  
  32  3:15  Nexus  
  32  3:23  Probe  
  35  3:28  Stalker (Chrono Boost)  
  35  3:33  Stalker (Chrono Boost)  
  31  3:35  Probe  
  34  3:48  Robotics Bay, Probe  
  33  4:11  Warp Prism (Chrono Boost)  
  33  4:12  Stalker x2  
  37  4:18  Probe  
  38  4:25  Pylon  
  38  4:30  Shield Battery, Probe  
  39  4:45  Colossus (Chrono Boost)  
  39  4:48  Probe  
  39  4:52  Pylon  
  46  4:57  Gravitic Drive  
  46  5:10  Probe x2  
  46  5:13  Pylon  
  48  5:20  Sentry  
  50  5:22  Probe x2  
  52  5:33  Immortal (Chrono Boost)  
  56  5:37  Shield Battery, Probe  
  56  5:38  Probe  
  58  5:44  Stalker  
  60  5:55  Probe  
  60  5:56  Probe  
  60  6:07  Gateway  
  60  6:09  Observer (Chrono Boost)  
  61  6:19  Probe  
  62  6:27  Pylon  
  62  6:30  Gateway  
  62  6:31  Twilight Council  
  62  6:35  Shield Battery  
  62  6:45  Probe x2  
  64  6:58  Probe x2  
  64  7:00  Stalker  
  61  7:10  Probe x2  
  61  7:21  Stalker  
  61  7:22  Probe x2  
  58  7:25  Charge  
  58  7:29  Observer (Chrono Boost)  
  59  7:33  Pylon  
  59  7:34  Probe x2  
  61  7:42  Pylon  
  61  7:44  Zealot, Gateway x2  
  61  7:45  Zealot x2  
  61  7:46  Probe  
  61  7:48  Observer  
  69  7:57  Probe  
  63  8:03  Probe  
  58  8:10  Probe  
  55  8:15  Probe  
  55  8:17  Stalker  
  58  8:20  Assimilator  
  58  8:22  Probe  
  58  8:25  Gateway  
  55  8:27  Probe, Gateway, Stalker  
  52  8:34  Probe  
  52  8:39  Probe  
  53  8:46  Probe  
  54  8:53  Probe (Chrono Boost)  
  55  8:58  Probe (Chrono Boost)  
  56  9:05  Zealot  
  56  9:06  Zealot  
  56  9:08  Probe x2 (Chrono Boost)  
  62  9:12  Zealot  
  62  9:13  Probe (Chrono Boost)  
  62  9:15  Probe  
  62  9:16  Zealot  
  68  9:25  Zealot, Probe  
  68  9:27  Probe  
  72  9:37  Probe  
  73  9:45  Disruptor (Chrono Boost), Zealot x3  
  73  9:46  Zealot  
  84  9:57  Pylon  
  79  10:09  Probe  
  79  10:13  Probe  
  78  10:18  Nexus  
  78  10:21  Probe  
  78  10:25  Probe  
  80  10:30  Disruptor (Chrono Boost)  
  80  10:32  Observer  
  80  10:33  Probe  
  83  10:39  Probe  
  84  10:45  Probe  
  84  10:46  Pylon  
  85  10:51  Probe  
  86  10:57  Probe  
  86  11:00  Disruptor  
  86  11:03  Probe  
  91  11:09  Probe  
  92  11:11  Observer  
  92  11:14  Shield Battery  
  92  11:15  Probe  
  93  11:19  Forge  
  93  11:21  Stalker  
  93  11:22  Probe  
  96  11:27  Probe  
  97  11:34  Probe  
  97  11:36  Disruptor  
  97  11:39  Probe  
  98  11:41  Observer  
  98  11:46  Probe x2  
  100  11:51  Probe  
  101  11:58  Probe x2  
  101  11:59  Zealot x3  
  101  12:00  Zealot  
  107  12:04  Probe  
  107  12:05  Zealot  
  110  12:09  Zealot  
  110  12:10  Probe  
  110  12:12  Zealot  
  110  12:15  Probe  
  116  12:17  Probe  
  90  12:32  Zealot x6  
  90  12:36  Disruptor  
  84  12:39  Probe  
  88  12:50  Zealot  
  89  12:54  Zealot x4  
  92  13:04  Zealot  
Show
View Real Time Build Order
Export as new Build Order

MaSa Terran - Winner!

Build Orders:  

Get SALT Encoding   

  12  0:00  SCV  
  13  0:12  SCV  
  14  0:17  Supply Depot  
  14  0:24  SCV  
  15  0:38  Barracks  
  15  0:40  SCV  
  16  0:44  Refinery  
  16  0:52  SCV  
  16  0:54  Refinery  
  17  1:04  SCV  
  18  1:16  SCV  
  19  1:25  Marine  
  20  1:29  Orbital Command  
  20  1:36  Factory  
  20  1:43  Barracks Tech Lab  
  20  1:49  Supply Depot  
  20  1:56  SCV  
  21  2:07  Marauder  
  21  2:08  Concussive Shells  
  23  2:11  SCV  
  24  2:21  Hellion  
  26  2:30  Starport  
  26  2:36  Marauder  
  28  2:41  Supply Depot  
  28  2:48  Hellion  
  31  2:51  SCV  
  31  3:03  Marauder  
  33  3:12  SCV  
  31  3:20  Medivac  
  31  3:24  Factory Tech Lab  
  31  3:25  Marauder  
  34  3:31  SCV  
  33  3:43  SCV  
  33  3:46  Marauder  
  36  3:52  Supply Depot  
  36  4:05  SCV  
  37  4:23  SCV  
  38  4:24  Marauder  
  38  4:25  Command Center  
  38  4:29  Factory Tech Lab  
  38  4:30  Cloaking Field  
  40  4:37  Banshee  
  43  4:40  SCV  
  44  4:49  Siege Tank  
  47  4:53  Supply Depot  
  47  5:01  Supply Depot  
  47  5:15  SCV  
  47  5:20  Banshee, Barracks Reactor  
  51  5:23  Siege Tank  
  51  5:27  SCV  
  55  5:29  Supply Depot  
  55  5:38  Orbital Command  
  55  5:39  SCV  
  56  5:51  SCV  
  56  5:55  Siege Tank  
  50  6:03  Banshee, SCV  
  54  6:07  Barracks  
  54  6:08  SCV  
  53  6:12  Supply Depot  
  53  6:15  SCV  
  51  6:23  SCV  
  52  6:32  SCV  
  50  6:41  Siege Tank  
  50  6:43  Bunker  
  56  6:50  SCV  
  56  6:54  Supply Depot x2  
  53  6:55  Viking  
  53  6:59  SCV  
  56  7:02  SCV  
  55  7:11  SCV  
  53  7:17  Siege Tank  
  53  7:21  SCV  
  51  7:23  SCV  
  51  7:24  Marine x2  
  51  7:26  Stimpack, Marine  
  51  7:31  Viking  
  51  7:36  SCV  
  54  7:37  SCV  
  54  7:44  Marine  
  55  7:45  Marine  
  55  7:48  SCV  
  55  7:49  SCV  
  59  8:00  SCV  
  59  8:01  SCV  
  59  8:02  Siege Tank  
  62  8:12  SCV  
  62  8:13  SCV  
  62  8:14  Marine  
  62  8:15  Starport Reactor  
  62  8:19  Engineering Bay  
  64  8:20  Marine x2  
  64  8:25  SCV x2  
  68  8:34  Marine  
  68  8:35  Siege Tank  
  68  8:37  SCV  
  68  8:38  SCV  
  68  8:40  Marine  
  75  8:45  Refinery  
  75  8:49  SCV  
  75  8:50  SCV  
  75  8:54  Command Center  
  76  8:57  Barracks, Marine  
  76  9:01  SCV, Terran Infantry Weapons Level 1  
  76  9:02  SCV  
  79  9:03  Marine  
  79  9:06  Marine  
  81  9:12  Missile Turret  
  81  9:13  SCV  
  81  9:15  Medivac  
  84  9:19  Medivac  
  84  9:20  SCV  
  84  9:23  Marine x2  
  89  9:27  SCV  
  89  9:31  Combat Shield  
  90  9:33  Marauder  
  90  9:37  SCV  
  93  9:41  Marine  
  93  9:42  Refinery  
  94  9:46  Siege Tank  
  94  9:49  Barracks Tech Lab  
  94  9:50  SCV x2  
  99  9:56  Supply Depot  
  99  9:57  Marauder, Supply Depot, Marine  
  102  10:02  SCV x2  
  102  10:03  Medivac  
  100  10:14  Marine  
  100  10:15  Orbital Command, Marauder  
  100  10:18  Marauder  
  100  10:20  SCV  
  105  10:24  Barracks  
  105  10:26  Siege Tank  
  108  10:36  SCV x2  
  108  10:41  Marine x2  
  112  10:43  Supply Depot  
  112  10:44  Marauder  
  112  10:49  SCV x2  
  116  10:57  Barracks  
  116  10:58  Orbital Command  
  116  10:59  Siege Tank  
  111  11:09  SCV x2  
  111  11:11  Marine  
  108  11:21  SCV x2  
  108  11:24  SCV  
  111  11:26  Barracks Reactor  
  111  11:29  Marauder  
  113  11:33  SCV x2  
  113  11:36  SCV  
  113  11:38  Siege Tank  
  119  11:45  SCV  
  120  11:47  Marine x2  
  120  11:48  Marauder  
  120  11:49  SCV  
  120  11:50  Barracks Tech Lab, SCV  
  120  11:51  Marauder  
  128  11:55  Medivac  
  128  11:56  Medivac  
  128  11:57  SCV  
  133  12:08  Marine x4  
  135  12:09  Marauder  
  135  12:10  Marine  
  135  12:12  Marauder  
  135  12:13  SCV  
  140  12:26  Marine  
  140  12:27  Marine  
  140  12:28  Marauder  
  140  12:29  Marine x2  
  124  12:30  SCV  
  124  12:31  Marauder  
  124  12:34  SCV, Marauder  
  128  12:39  Command Center  
  128  12:41  Medivac  
  128  12:43  Marine  
  131  12:44  Marine  
  131  12:47  Marine x2  
  136  12:51  Marauder, Marine  
  121  13:13  Refinery  

Tags
 
Add a new tag
Caveats
  • Supply blocks, unpowered buildings, or Contaminate may cause inaccurate times.
  • Supply counts are checked every 10 seconds.